AoeStats
← Sorratero

Arabian Desert

510112341Analyzed
1v1 RM · 3d ago on Sep 29, 2026· 21m 14s· 2 players
Game mode
Random Map
Map size
Tiny (2 player)
Population
200
Speed
Normal
Resources
Standard
Victory
Conquest
Starting age
Dark Age
Ending age
Imperial Age
RankedLock teamsTeams togetherTeam positionsShared explorationLock speedFull tech treeHidden civsTurbo modeCheats
Victory
Defeat
🇿🇦 Cumans · South Africa
929
+15
🇧🇷 Portuguese · Brazil
911
-42
Sorratero
12:42 Feudal Age
15:24 Horse Collar
15:33 Double-Bit Axe
16:46 Loom
17:39 Wheelbarrow
Will.E.Mammoth
5:04 Loom
9:53 Feudal Age
10:36 Double-Bit Axe
10:57 Horse Collar
16:26 Fletching
18:24 Padded Archer Armor
21:35 Bloodlines
Connection lost

Rejoining the realm…

Still unreachable

The connection could not be restored.

Session expired

The server has moved on; the page needs a fresh start.